 Dungeon Crawl Stone Soup version 0.29-a0-582-ge82337ba6a (webtiles) character file.

Game seed: 13837736337346262102

25 Patoropollo the Shooter (level 3, -2/29 HPs)
             Began as a Meteoran Hunter on June 14, 2022.
             Slain by Sigmund
             ... wielding a +0 scythe
              (5 damage)
             ... on level 2 of the Dungeon.
             The game lasted 00:01:25 (909 turns).

Patoropollo the Shooter (Meteoran Hunter)            Turns: 909, Time: 00:01:26

Health: -2/29      AC:  3    Str: 12    XL:     3   Next: 38%
Magic:  4/4        EV: 12    Int: 11    God:
Gold:   42         SH:  0    Dex: 19    Spells: 2/2 levels left

rFire   . . .      SeeInvis .   a - +1 shortbow
rCold   . . .      Faith    .   (shield currently unavailable)
rNeg    . . .      Spirit   .   b - +0 leather armour
rPois   .          Reflect  .   (no helmet)
rElec   .          Harm     .   (no cloak)
rCorr   .          Rampage  .   (no gloves)
Will    .....                   (no boots)
Stlth   +.........              (no amulet)
HPRegen 0.09/turn               (no ring)
MPRegen 0.09/turn               (no ring)

@: confused, glowing
A: sense surroundings 1, otherworldly, glowing, explore regen
a: no special abilities


You were on level 2 of the Dungeon.
You visited 1 branch of the dungeon, and saw 2 of its levels.

You collected 42 gold pieces.

Inventory:

Hand Weapons
 a - a +1 shortbow (weapon)
Armour
 b - a +0 leather armour (worn)
Scrolls
 c - a scroll of immolation
 d - 2 scrolls of identify {unknown}
 e - a scroll of fog {unknown}
Potions
 f - a potion of flight {unknown}


   Skills:
 - Level 2.1 Fighting
 + Level 5.4 Bows
 - Level 2.4 Dodging
 - Level 0.6 Stealth


You had 2 spell levels left.
You didn't know any spells.
Your spell library contained the following spells:

 Spells                   Type           Power      Damage    Failure   Level
 Portal Projectile        Hex/Tloc       0%         N/A       80%         3
 Tukima's Dance           Hex            0%         N/A       80%         3
 Blade Hands              Tmut           0%         N/A       100%        5


Dungeon Overview and Level Annotations

Branches:
Dungeon (2/15)

Altars:

Annotations:
D:2 Sigmund


Innate Abilities, Weirdness & Mutations

You passively map a small area around you.
You are easily found by Zot.
You glow in the dark.
You regain HP and MP as you explore.


Message History

You pick up a book of Weapons and begin reading...
You add the spells Tukima's Dance, Portal Projectile and Blade Hands to your library.
Sigmund the Dreaded comes into view.
He is wielding a +0 scythe.
Sigmund shouts!
You hear a shout!
Sigmund is nearby!
Sigmund is nearby!
You shoot an arrow. The arrow hits Sigmund.
Sigmund is moderately wounded.
A goblin comes into view. It is wielding a +0 dagger.
You shoot an arrow. The arrow hits Sigmund.
Sigmund is heavily wounded.
Sigmund casts a spell at you.
You are confused.
You shoot an arrow.
Sigmund gestures wildly while chanting.
Sigmund flickers and vanishes!
Deactivating autopickup; reactivate with Ctrl-A.
You shoot an arrow. The goblin barely misses you.
You shoot an arrow. The goblin barely misses you.
Something hits you but does no damage.
You shoot an arrow.
You feel less confused. The goblin hits you with a +0 dagger.
Something hits you!
You shoot an arrow. The arrow hits the goblin!
You kill the goblin!
No target in view!
No target in view!
No target in view!
Shoot: a) +1 shortbow
Press: ? - help, Shift-Dir - straight line You shoot an arrow.
Something hits you!
* * * LOW HITPOINT WARNING * * *
Shoot: a) +1 shortbow
Press: ? - help, Shift-Dir - straight line You shoot an arrow.
Something hits you.
* * * LOW HITPOINT WARNING * * *
You hear some strange, mumbled words.
You are confused.
Something hits you.
You die...

......# #.#.....# *
......# #.#.#...# , ,
......###.#.##..####[.
,
....................>.
..#########.##..####.##
..# #######.#..........
, ###
#......<....####.##*
#............# ,*, #
#..........#@# * , #
#...........).# * #
#.........#.{.#* , #
#.#########...#* # * #
, ..... ,, , , * ,
##....# , , ,* ..##.# *
,.. .. * , , , , *


There were no monsters in sight!

Vanquished Creatures
  2 dart slugs (D:1)
  2 giant cockroaches (D:1)
  3 goblins
  3 hobgoblins (D:1)
  2 kobolds (D:1)
  2 quokkas (D:1)
  A ball python (D:1)
  2 bats (D:1)
  3 rats (D:1)
20 creatures vanquished.

Notes
Turn   | Place    | Note
-------+----------+-------------------------------------------
     0 | D:1      | Patoropollo the Meteoran Hunter began the quest for the
                  | Orb.
     0 | D:1      | Reached XP level 1. HP: 17/17 MP: 2/2
    65 | D:1      | Reached XP level 2. HP: 24/24 MP: 3/3
   172 | D:1      | Reached skill level 5 in Bows
   270 | D:1      | Reached XP level 3. HP: 29/29 MP: 4/4
   482 | D:1      | Glimpsed the power of Zot.
   532 | D:1      | Glimpsed the power of Zot.
   898 | D:2      | Noticed Sigmund
   909 | D:2      | Slain by Sigmund

Illustrated notes

Levels and vault maps discovered:
D:1:      dpeg_arrival_erosion, layout_basic, serial_bayou_crossing
D:2:      layout_basic, grunt_ministairs_8, uniq_sigmund

Skill      XL: |  1  2 |
---------------+-------+-----
Bows           | 5 |  5.4
Fighting       | |  2.1
Dodging        | |  2.4
Stealth        | |  0.6

Action                   || total
-------------------------++-------
 Fire: Shortbow          ||    52
Armor: Leather armour    ||     5
Dodge: Dodged            ||     4

Table legend: (Time is in decaauts)
 A = Elapsed time spent in this place.
 B = Non-inter-level travel time spent in this place.
 C = Inter-level travel time spent in this place.
 D = Time resting spent in this place.
 E = Time spent auto-exploring this place.
 F = Levels seen in this place.
 G = Mean time per level.
                   A        B        C        D        E       F      G
               +--------+--------+--------+--------+--------+-----+--------+
         Total |    928 |    879 |     49 |      0 |    764 |   2 |  464.0 |
       Dungeon |    928 |    879 |     49 |      0 |    764 |   2 |  464.0 |
               +--------+--------+--------+--------+--------+-----+--------+

Top non-repeatable levels by time:
     D:1: 877 daAuts
     D:2: 51 daAuts
